 Dungeon Crawl Stone Soup version 0.28.0 (webtiles) character file.

Game seed: 9418081279665815590

3 croobank the Insei (level 1, -1/9 HPs)
             Began as a Vine Stalker Transmuter on Feb 5, 2022.
             Succumbed to a goblin's poison
             ... on level 1 of the Dungeon.
             The game lasted 00:00:36 (79 turns).

croobank the Insei (Vine Stalker Transmuter)          Turns: 79, Time: 00:00:36

Health: -1/9       AC:  2    Str: 12    XL:     1   Next: 50%
Magic:  1/4        EV: 12    Int: 13    God:
Gold:   2          SH:  0    Dex: 14    Spells: 3/4 levels left

rFire   . . .      SeeInvis .     - Unarmed
rCold   . . .      Faith    .   (no shield)
rNeg    . . .      Spirit   +   a - +0 robe
rPois   .          Reflect  .   (no helmet)
rElec   .          Harm     .   (no cloak)
rCorr   .          Rampage  .   (no gloves)
Will    .....                   (no boots)
Stlth   +.........              (no amulet)
HPRegen 0.03/turn               (no ring)
MPRegen 0.09/turn               (no ring)

@: lethally poisoned (-1 -> -8), very slightly contaminated
A: fangs 2, magic shield, antimagic bite, no potion heal 2
a: no special abilities


You were on level 1 of the Dungeon.
You visited 1 branch of the dungeon, and saw 1 of its levels.

You collected 2 gold pieces.

Inventory:

Armour
 a - a +0 robe (worn)
 c - a +0 leather armour
Jewellery
 b - a ring of ice


   Skills:
 + Level 0.8 Fighting
 + Level 1.6 Dodging
 + Level 3.1 Unarmed Combat
 + Level 2.2 Spellcasting
 + Level 2.0 Transmutations


You had 3 spell levels left.
You knew the following spells:

 Your Spells              Type           Power      Damage    Failure   Level
a - Beastly Appendage     Tmut           12%        N/A       11%         1

Your spell library contained the following spells:

 Spells                   Type           Power      Damage    Failure   Level
 Wereblood                Tmut           6%         N/A       16%         2
 Spider Form              Tmut/Pois      4%         N/A       43%         3
 Ice Form                 Ice/Tmut       4%         N/A       85%         4


Dungeon Overview and Level Annotations

Branches:
Dungeon (1/15)

Altars:


Innate Abilities, Weirdness & Mutations

You have extremely sharp teeth.
When hurt, damage is shared between your health and your magic reserves.
Your bite disrupts and absorbs the magic of your enemies.
Potions cannot restore your health.


Message History

The slug dart hits you. The dart slug bites you.
You hit the dart slug but do no damage. You bite the dart slug.
You drain its power.
You feel invigorated.
The dart slug is lightly wounded.
The dart slug launches a dart at you.
The slug dart hits you but does no damage.
You barely miss the dart slug. You claw the dart slug.
The dart slug is moderately wounded.
You hit the dart slug. You punch the dart slug. You bite the dart slug.
You kill the dart slug!
Your transformation is almost over.
A goblin comes into view. It is wielding a +1 dagger of venom.
Found Plato's Handbook of the Escort.
Found a faded altar of an unknown god.
The rat barely misses you.
You hit the rat.
You kill the rat!
You see here a rat corpse.
Casting: Beastly Appendage (safe; 11% risk of failure)
Confirm with . or Enter, or press ? or * to list all spells.
You miscast Beastly Appendage.
You are very lightly contaminated with residual magic.
Nothing appears to happen.
A kobold comes into view. It is wielding a +0 dagger.
The goblin hits you with a +1 dagger of venom.
You are lethally poisoned!
You closely miss the goblin. Your headbutt misses the goblin.
Your punch misses the goblin.
Your horns disappear.
Your talons disappear.
* * * LOW HITPOINT WARNING * * *
You feel very sick. The goblin closely misses you.
You barely miss the goblin.
* * * LOW HITPOINT WARNING * * *
You feel sick.
The kobold shouts!
The goblin closely misses you.
You aren't carrying any potions.
Found 10 gold pieces.
You die...

# .... #.K.$# #
#...#.#.
#..#P#.##### #
#..#.#.#._.#.#.
#####...........^..
#..........@.......
#...........##.#...
#.........g.#
#...#....###
+...+.†..+..
#...#....#.#
#..........#
##.#######.#
#.#....##.#


You could see a goblin.

Vanquished Creatures
  A dart slug (D:1)
  A rat (D:1)
2 creatures vanquished.

Notes
Turn   | Place    | Note
-------+----------+-------------------------------------------
     0 | D:1      | croobank the Vine Stalker Transmuter began the quest for
                  | the Orb.
     0 | D:1      | Reached XP level 1. HP: 9/9 MP: 4/4
    70 | D:1      | Found a faded altar of an unknown god.
    79 | D:1      | Succumbed to a goblin's poison

Illustrated notes

Levels and vault maps discovered:
D:1:      minmay_arrival_radiant_lines, layout_basic,
          shapermc_ecumenical_altar_rom_forum, minmay_tiny_reverse_x

Action                   || total
-------------------------++-------
Melee: Unarmed           ||     6
       Bite              ||     2
       Kick              ||     1
       Punch             ||     1
 Cast: Beastly Appendage ||     1
Armor: Robe              ||     1
Dodge: Dodged            ||     3
